[Event "Titled Tuesday Blitz July 11 Late 2023"]
[White "Moral Garcia, Serafin"]
[Black "Osmak, Yuliia"]
[WhiteFideId "2201925"]
[BlackFideId "14101602"]
[WhiteElo "2553"]
[BlackElo "2516"]
[Result "1-0"]
[Round "11"]
[TimeControl "180+2"]
[Date "2023.07.11"]
[WhiteClock "0:02:26"]
[BlackClock "0:00:23"]
[Board "46"]

1. e4 c5 2. Nf3 Nc6 3. Bb5 e6 4. O-O Nge7 5. Re1 a6 6. Bxc6 Nxc6 7. d4 cxd4 8. Nxd4 d6 9. Nxc6 bxc6 10. Qg4 e5 11. Qg3 g6 12. b3 Bg7 13. Ba3 Qc7 14. Rd1 c5 15. Nc3 Bb7 16. Nd5 Bxd5 17. Rxd5 O-O 18. Rad1 Qa5 19. Bb2 Qxa2 20. Qc3 1-0


[Site "https://www.chess.com"]

[Event "Titled Tuesday Blitz July 11 Late 2023"]
[White "JERO-8914"]
[Black "Bruedigam, Martin"]
[BlackFideId "24608033"]
[WhiteElo "2487"]
[BlackElo "2549"]
[Result "0-1"]
[Round "11"]
[TimeControl "180+2"]
[Date "2023.07.11"]
[WhiteClock "0:00:53"]
[BlackClock "0:00:41"]
[Board "47"]

1. c4 g6 2. Nc3 Bg7 3. d4 Nf6 4. e4 d6 5. Be2 O-O 6. Nf3 e5 7. d5 a5 8. Be3 Na6 9. Nd2 Nd7 10. g4 Bf6 11. h4 Bxh4 12. Nf3 Bf6 13. Qd2 Nac5 14. O-O-O c6 15. Rh2 Re8 16. Rdh1 Nf8 17. Bh6 Bxg4 18. Bxf8 Kxf8 19. Rxh7 Ke7 20. Ng5 Rf8 21. Bxg4 Ke8 22. Nf3 a4 23. Rd1 Be7 24. Kc2 Qb6 25. dxc6 bxc6 26. Nxe5 Rb8 27. Kc1 Bg5 0-1


[Site "https://www.chess.com"]

[Event "Titled Tuesday Blitz July 11 Late 2023"]
[White "Martin Barcelo, Carles"]
[Black "Hajiyev, Kanan"]
[WhiteFideId "24561444"]
[BlackFideId "13404148"]
[WhiteElo "2467"]
[BlackElo "2547"]
[Result "0-1"]
[Round "11"]
[TimeControl "180+2"]
[Date "2023.07.11"]
[WhiteClock "0:00:00"]
[BlackClock "0:00:13"]
[Board "48"]

1. e4 c6 2. Nf3 d5 3. Nc3 a6 4. d4 Bg4 5. exd5 cxd5 6. h3 Bh5 7. Be2 Nc6 8. O-O e6 9. Bf4 Bd6 10. Ne5 Bxe2 11. Nxe2 Qc7 12. Nxc6 Bxf4 13. Nxf4 Qxf4 14. Ne5 Ne7 15. c3 O-O 16. Re1 Ng6 17. Nxg6 hxg6 18. Re5 b5 19. g3 Qh6 20. Qe2 Qxh3 21. a4 bxa4 22. Rxa4 a5 23. Qc2 Rfb8 24. Re1 Rb5 25. Rea1 Rab8 26. R1a2 Qf5 27. Qc1 Ra8 28. Qf1 Rab8 29. Qc1 e5 30. dxe5 Qxe5 31. Rxa5 d4 32. Rxb5 Qxb5 33. cxd4 Qb3 34. Qa1 Kh7 35. Ra7 Rd8 36. Qa4 Qf3 37. Qc4 Rd5 38. Rc7 Rf5 39. Qc2 Rh5 0-1


[Site "https://www.chess.com"]

[Event "Titled Tuesday Blitz July 11 Late 2023"]
[White "GAO"]
[Black "Rottenwohrer Suarez, Juan"]
[BlackFideId "32068182"]
[WhiteElo "2414"]
[BlackElo "2546"]
[Result "0-1"]
[Round "11"]
[TimeControl "180+2"]
[Date "2023.07.11"]
[WhiteClock "0:02:10"]
[BlackClock "0:01:35"]
[Board "49"]

1. e4 c5 2. Nf3 g6 3. d4 cxd4 4. Nxd4 Nc6 5. c4 Nf6 6. Nc3 d6 7. f3 Bg7 8. Be3 O-O 9. Be2 Nh5 10. O-O Nf4 11. Nxc6 Nxe2+ 12. Qxe2 bxc6 13. Rfd1 Qa5 14. Rac1 Ba6 15. Bd4 Bxd4+ 16. Rxd4 Qc5 17. Qd3 e5 18. Nb5 cxb5 19. cxb5 Qxc1+ 0-1


[Site "https://www.chess.com"]

[Event "Titled Tuesday Blitz July 11 Late 2023"]
[White "MFatigue"]
[Black "SicilianPanzer"]
[WhiteElo "2543"]
[BlackElo "2302"]
[Result "1-0"]
[Round "11"]
[TimeControl "180+2"]
[Date "2023.07.11"]
[WhiteClock "0:00:24"]
[BlackClock "0:00:00"]
[Board "50"]

1. e4 e6 2. d4 d5 3. Nc3 Bb4 4. e5 Ne7 5. a3 Bxc3+ 6. bxc3 b6 7. Qg4 Ng6 8. h4 h5 9. Qg3 Ba6 10. Ne2 c5 11. Nf4 Nxf4 12. Bxf4 g6 13. Bg5 Qc7 14. Bxa6 Nxa6 15. O-O cxd4 16. cxd4 Kd7 17. Rac1 Qc4 18. Qf4 Rh7 19. Qf6 Re8 20. c3 Nb8 21. a4 Kc7 22. Rb1 Nd7 23. Qf3 Rb8 24. Rb4 Qc6 25. Rc1 a5 26. Rb2 Qxa4 27. Be7 Rb7 28. Bd6+ Kd8 29. Qe3 Nb8 30. Qg5+ Ke8 31. Rxb6 Qd7 32. Rcb1 Rxb6 33. Rxb6 Nc6 34. Rxc6 f6 35. Qxg6+ 1-0


[Site "https://www.chess.com"]

[Event "Titled Tuesday Blitz July 11 Late 2023"]
[White "brm72"]
[Black "Garmendiarov"]
[WhiteElo "2537"]
[BlackElo "2379"]
[Result "1-0"]
[Round "11"]
[TimeControl "180+2"]
[Date "2023.07.11"]
[WhiteClock "0:00:13"]
[BlackClock "0:00:01"]
[Board "51"]

1. e4 c5 2. Nf3 d6 3. d4 cxd4 4. Nxd4 Nf6 5. Nc3 a6 6. f3 e5 7. Nb3 Be7 8. Be3 Be6 9. Qd2 h5 10. O-O-O Nbd7 11. Kb1 Rc8 12. Bd3 O-O 13. h3 h4 14. f4 Qc7 15. g4 hxg3 16. Rhg1 exf4 17. Bxf4 Nh5 18. Ne2 Nxf4 19. Nxf4 Ne5 20. Rxg3 Bh4 21. Rgg1 Nf3 22. Qg2 Nxg1 23. Rxg1 g5 24. Nd4 Qb6 25. Nf3 Qf2 26. Nxg5 Qxg2 27. Rxg2 Bxg5 28. Rxg5+ Kh7 29. e5+ Kh6 30. Rh5+ Kg7 31. Rh7+ Kg8 32. Nh5 f5 33. exf6 Rf7 34. Rh6 Bxh3 35. Bg6 Be6 36. Bxf7+ Bxf7 37. Nf4 Re8 38. b3 Re1+ 39. Kb2 Rf1 40. Rh4 d5 41. Kc3 Kf8 42. Kd4 Ke8 43. Nxd5 Rd1+ 44. Kc5 Rxd5+ 45. Kb6 Rb5+ 46. Ka7 Kd7 47. c4 Rb4 48. Rh3 Ke6 49. a3 Kxf6 50. axb4 Be6 51. Rh6+ Ke7 52. Rxe6+ Kxe6 53. Kxb7 a5 54. bxa5 1-0


[Site "https://www.chess.com"]

[Event "Titled Tuesday Blitz July 11 Late 2023"]
[White "Sala, Giulia"]
[Black "Janaszak, Dawid"]
[WhiteFideId "2840451"]
[BlackFideId "1119206"]
[WhiteElo "2286"]
[BlackElo "2535"]
[Result "0-1"]
[Round "11"]
[TimeControl "180+2"]
[Date "2023.07.11"]
[WhiteClock "0:02:09"]
[BlackClock "0:01:43"]
[Board "52"]

1. d4 Nf6 2. Bf4 Nh5 3. Bd2 g6 4. e4 Bg7 5. c3 d6 6. Bd3 c5 7. Nf3 Bg4 8. h3 Bxf3 9. Qxf3 cxd4 10. O-O Nc6 11. cxd4 Nxd4 12. Qd1 O-O 13. Nc3 Nc6 14. Rc1 Rc8 15. f4 Qb6+ 16. Kh2 Qxb2 17. Nd5 e6 18. Rxc6 Rxc6 19. Ne7+ Kh8 20. Nxc6 bxc6 21. f5 Be5+ 22. Kg1 Qd4+ 23. Rf2 Qxd3 24. f6 Bd4 25. Bh6 Qxd1+ 26. Kh2 Bxf2 27. Bg7+ Kg8 0-1


[Site "https://www.chess.com"]

[Event "Titled Tuesday Blitz July 11 Late 2023"]
[White "Milovic, Aleksandra"]
[Black "Salazar Farias, Luis German"]
[WhiteFideId "933988"]
[BlackFideId "3902170"]
[WhiteElo "2106"]
[BlackElo "2535"]
[Result "1/2-1/2"]
[Round "11"]
[TimeControl "180+2"]
[Date "2023.07.11"]
[WhiteClock "0:00:46"]
[BlackClock "0:01:10"]
[Board "53"]

1. e4 c6 2. d4 d5 3. Nc3 dxe4 4. Nxe4 Nf6 5. Nxf6+ exf6 6. c3 Bd6 7. Bd3 O-O 8. Ne2 Re8 9. O-O Nd7 10. Qc2 Nf8 11. Be3 g6 12. Rfe1 f5 13. Qd2 Qh4 14. g3 Qh3 15. Nf4 Bxf4 16. Bxf4 Be6 17. Bf1 Qh5 18. Be2 Qh3 19. Bf1 Qh5 20. Be2 Qh3 21. Bf1 1/2-1/2


[Site "https://www.chess.com"]

[Event "Titled Tuesday Blitz July 11 Late 2023"]
[White "Vujacic, Igor"]
[Black "Tanenbaum, Zachary"]
[WhiteFideId "932620"]
[BlackFideId "2060850"]
[WhiteElo "2259"]
[BlackElo "2725"]
[Result "0-1"]
[Round "11"]
[TimeControl "180+2"]
[Date "2023.07.11"]
[WhiteClock "0:00:06"]
[BlackClock "0:00:19"]
[Board "54"]

1. d4 d5 2. Bf4 Nf6 3. e3 c5 4. c3 Nc6 5. Nd2 Qb6 6. Qb3 c4 7. Qc2 g6 8. e4 dxe4 9. Nxc4 Qd8 10. Ne2 Bf5 11. Ne3 Rc8 12. h3 h5 13. Ng3 e6 14. Bb5 Bg7 15. Be5 O-O 16. Bxc6 Rxc6 17. Ne2 Nd5 18. Bxg7 Nb4 19. Qd2 Nd3+ 20. Kf1 Kxg7 21. Nc1 Nxc1 22. Qxc1 Rh8 23. Qd1 h4 24. Qa4 Qb6 25. Nc4 Rxc4 26. Qxc4 Qxb2 27. Re1 e5 28. Kg1 Rc8 29. Qd5 Rxc3 30. Qxe5+ Kh7 31. Kh2 Qxf2 32. Rhf1 Rxh3# 0-1


[Site "https://www.chess.com"]

[Event "Titled Tuesday Blitz July 11 Late 2023"]
[White "2KRK1"]
[Black "Alboredo, Julia"]
[BlackFideId "2124807"]
[WhiteElo "2668"]
[BlackElo "2483"]
[Result "1-0"]
[Round "11"]
[TimeControl "180+2"]
[Date "2023.07.11"]
[WhiteClock "0:00:04"]
[BlackClock "0:00:00"]
[Board "55"]

1. Nf3 Nf6 2. b3 g6 3. Bb2 Bg7 4. g3 d6 5. d4 O-O 6. Bg2 e5 7. dxe5 Nfd7 8. O-O Nc6 9. Qd2 dxe5 10. Rd1 a5 11. a3 Qe7 12. Nc3 Nf6 13. h3 h6 14. e4 Be6 15. Nd5 Qd8 16. Nxe5 Nxe5 17. Bxe5 Nxe4 18. Qd4 Bxd5 19. Bxg7 Nxg3 20. fxg3 Bxg2 21. Bxf8 Qxd4+ 22. Rxd4 Bxh3 23. Bxh6 Be6 24. Rad1 Kh7 25. Bg5 Kg7 26. Rf1 f5 27. Re1 Kf7 28. Rd2 Ra6 29. Rde2 Rd6 30. Re3 Rc6 31. c4 b6 32. b4 axb4 33. axb4 Bxc4 34. Re7+ Kf8 35. Rc1 b5 36. Ra1 1-0


[Site "https://www.chess.com"]

[Event "Titled Tuesday Blitz July 11 Late 2023"]
[White "Estrada Nieto, Julian"]
[Black "Goryachkina, Aleksandra"]
[WhiteFideId "5101018"]
[BlackFideId "4147103"]
[WhiteElo "2463"]
[BlackElo "2655"]
[Result "0-1"]
[Round "11"]
[TimeControl "180+2"]
[Date "2023.07.11"]
[WhiteClock "0:00:10"]
[BlackClock "0:00:04"]
[Board "56"]

1. e4 c5 2. Nf3 Nc6 3. Bb5 g6 4. Bxc6 bxc6 5. O-O Bg7 6. Re1 Qc7 7. c3 d6 8. h3 e5 9. d4 cxd4 10. cxd4 exd4 11. Nxd4 Ne7 12. Nc3 O-O 13. Bf4 Rd8 14. Qd2 Qb6 15. Rad1 Bb7 16. Bg5 Rd7 17. Nf3 Re8 18. Bh6 Bh8 19. Re2 Ba6 20. Ree1 Bc4 21. b3 Be6 22. Na4 Qc7 23. Qf4 Nc8 24. Ng5 Qd8 25. Nxe6 Rxe6 26. Qg3 Qe8 27. Nc3 Nb6 28. Re3 Be5 29. Bf4 a5 30. Bxe5 Rxe5 31. Red3 d5 32. f4 Ree7 33. exd5 cxd5 34. Nxd5 Nxd5 35. Rxd5 Rxd5 36. Rxd5 a4 37. Qd3 Qc6 38. Rd8+ Kg7 39. Qd4+ f6 40. Kh2 Re2 41. Qd5 Qxd5 42. Rxd5 a3 43. Ra5 Rxa2 44. b4 Kf7 45. b5 Ke6 46. b6 Kd6 47. b7 Kc7 48. Ra7 Kb8 49. Ra4 Kxb7 50. h4 Kb6 51. Kg3 Kb5 52. Ra8 Ra1 53. Kg4 h5+ 54. Kg3 Kc4 55. Rb8 Ra2 56. Rc8+ Kd4 57. Ra8 Ke4 58. Ra4+ Ke3 59. Ra5 Ra1 60. Ra4 a2 61. Ra6 Ke4 62. Re6+ Kf5 63. Ra6 Ke4 64. Ra4+ Kd3 65. Ra3+ Ke2 66. Ra6 Kf1 67. Ra5 Ke1 68. Ra3 Ke2 69. Ra4 Kd2 70. Ra6 Kc2 71. Rc6+ Kb3 72. Rb6+ Kc4 73. Ra6 Kb4 74. Ra8 Kc4 75. Rc8+ Kd5 76. Ra8 Ke6 77. Ra5 Kf7 78. Ra6 f5 79. Ra5 Ke7 80. Ra6 Kd7 81. Ra5 Kc6 82. Ra3 Kd5 83. Ra4 Kc5 84. Ra5+ Kb4 85. Ra8 Kb3 86. Rb8+ Kc3 87. Ra8 Kd3 88. Rd8+ Ke3 89. Ra8 Ke4 90. Ra4+ Kd3 91. Ra8 Ke3 92. Re8+ Kd2 93. Ra8 Kc2 94. Rc8+ Kd1 95. Ra8 Ke1 96. Re8+ Kf1 97. Ra8 Kg1 98. Ra7 Rb1 99. Rxa2 Rb3# 0-1


[Site "https://www.chess.com"]

[Event "Titled Tuesday Blitz July 11 Late 2023"]
[White "Nunez V, Gustavo Eduardo"]
[Black "Adewumi, Tanitoluwa"]
[WhiteFideId "4403690"]
[BlackFideId "30966396"]
[WhiteElo "2450"]
[BlackElo "2637"]
[Result "0-1"]
[Round "11"]
[TimeControl "180+2"]
[Date "2023.07.11"]
[WhiteClock "0:00:11"]
[BlackClock "0:00:21"]
[Board "57"]

1. e4 c5 2. Nc3 Nc6 3. g3 g6 4. Bg2 Bg7 5. d3 e6 6. Be3 b6 7. Qd2 Bb7 8. h3 Nge7 9. Nge2 Nd4 10. O-O O-O 11. Bxd4 cxd4 12. Nb5 Nc6 13. c3 dxc3 14. bxc3 d6 15. a4 a6 16. Nbd4 Na5 17. Rfb1 Rb8 18. Rb2 Qc7 19. Rab1 Ba8 20. Rb4 Rfc8 21. Qb2 Bxd4 22. Rxd4 Nc6 23. Rc4 b5 24. axb5 axb5 25. Rb4 Nxb4 26. Qxb4 Qc5 27. Kf1 Rc7 28. Ke1 Kf8 29. Qd4 Qxd4 30. cxd4 Rc2 31. Rc1 Rbc8 32. Kd1 Rxc1+ 33. Nxc1 b4 34. Kd2 Rc3 35. Bf3 Ra3 36. Bd1 Bc6 37. Bb3 Ba4 38. Bc4 Ke7 39. f4 Rc3 40. Na2 Rc2+ 41. Ke3 b3 42. Nb4 b2 43. Ba2 Rc1 44. Kd2 Ra1 45. Nc6+ Kf8 46. Nb4 Rxa2 47. Nxa2 b1=Q 48. Nc3 Qb2+ 49. Ke3 Qxc3 50. e5 Qxd4+ 51. Kxd4 dxe5+ 52. Kxe5 Bc2 53. d4 Ke7 54. d5 exd5 55. Kxd5 Kf6 56. Kd4 Bf5 57. g4 Bxg4 58. hxg4 h5 59. gxh5 gxh5 60. Ke4 h4 61. Ke3 Kf5 62. Kf3 h3 63. Kg3 h2 64. Kxh2 Kxf4 65. Kg2 f6 66. Kg1 Ke3 67. Kg2 f5 68. Kf1 f4 69. Ke1 f3 70. Kf1 f2 71. Kg2 Ke2 72. Kg3 f1=Q 73. Kg4 Qf6 74. Kh5 Qg7 75. Kh4 Kf3 76. Kh5 Qg3 77. Kh6 Qg4 78. Kh7 Kf4 79. Kh6 Kf5 80. Kh7 Qg5 81. Kh8 Kf6 82. Kh7 Qg7# 0-1


[Site "https://www.chess.com"]

[Event "Titled Tuesday Blitz July 11 Late 2023"]
[White "Schnaider, Ilan"]
[Black "Bueno, Alfeu Junior Varela"]
[WhiteFideId "169013"]
[BlackFideId "2108879"]
[WhiteElo "2630"]
[BlackElo "2447"]
[Result "1-0"]
[Round "11"]
[TimeControl "180+2"]
[Date "2023.07.11"]
[WhiteClock "0:00:36"]
[BlackClock "0:00:08"]
[Board "58"]

1. e4 e6 2. d4 d5 3. Nd2 Nf6 4. e5 Nfd7 5. Bd3 c5 6. c3 Nc6 7. Ne2 cxd4 8. cxd4 f6 9. exf6 Nxf6 10. Nf3 Bd6 11. O-O Qc7 12. Bg5 O-O 13. Bh4 Nh5 14. Bg3 Nxg3 15. hxg3 g6 16. Rc1 Qg7 17. Qd2 Bc7 18. Nf4 Bb6 19. Ne2 a6 20. Bb1 Bd7 21. Rfe1 Rae8 22. a3 Na5 23. Ne5 Nb3 24. Qb4 Nxc1 25. Rxc1 Bb5 26. Nf4 Qe7 27. Qd2 Rc8 28. Re1 Bd7 29. Qd3 Bb5 30. Qe3 Qd6 31. Nfxg6 hxg6 32. Qh6 Qe7 33. Qxg6+ Kh8 34. Qh5+ Kg8 35. Qg4+ Qg7 36. Qxe6+ Rf7 37. Qxc8+ Qf8 38. Qg4+ Rg7 39. Qe6+ Kh8 40. Ng6+ Rxg6 41. Qxg6 Bxd4 42. Qh7# 1-0


[Site "https://www.chess.com"]

[Event "Titled Tuesday Blitz July 11 Late 2023"]
[White "Di Berardino, Diego Rafael"]
[Black "Rubio Tent, Francisco"]
[WhiteFideId "2105446"]
[BlackFideId "2238233"]
[WhiteElo "2606"]
[BlackElo "2446"]
[Result "1-0"]
[Round "11"]
[TimeControl "180+2"]
[Date "2023.07.11"]
[WhiteClock "0:01:10"]
[BlackClock "0:00:14"]
[Board "59"]

1. e4 c6 2. d4 d5 3. exd5 cxd5 4. c4 Nf6 5. Nc3 Bf5 6. Qb3 Qb6 7. cxd5 Qxb3 8. axb3 e6 9. dxe6 Bxe6 10. Bc4 Bxc4 11. bxc4 Bb4 12. Ne2 Ne4 13. O-O Nxc3 14. Nxc3 Bxc3 15. bxc3 O-O 16. c5 Nc6 17. Bf4 Rad8 18. Rfb1 Rd7 19. Bd6 Re8 20. d5 Ne7 21. Re1 Kf8 22. Rxa7 f6 23. Kf1 Kf7 24. Rxe7+ Rexe7 25. Bxe7 Rxe7 26. d6 Rd7 27. c6 1-0


[Site "https://www.chess.com"]

[Event "Titled Tuesday Blitz July 11 Late 2023"]
[White "Taranenko, Evgueniy"]
[Black "Ganiev, Roman"]
[WhiteFideId "14122138"]
[BlackFideId "4131452"]
[WhiteElo "2444"]
[BlackElo "2597"]
[Result "0-1"]
[Round "11"]
[TimeControl "180+2"]
[Date "2023.07.11"]
[WhiteClock "0:00:19"]
[BlackClock "0:00:05"]
[Board "60"]

1. e4 c5 2. Nf3 d6 3. d4 cxd4 4. Nxd4 Nf6 5. f3 a6 6. c4 e5 7. Nc2 h5 8. Nc3 Be6 9. Ne3 Nbd7 10. Be2 Rc8 11. Ncd5 g6 12. b3 Bh6 13. O-O O-O 14. Kh1 h4 15. Ba3 Nc5 16. Nxf6+ Qxf6 17. Nd5 Qd8 18. Bc1 Bg7 19. Be3 h3 20. g4 Bxd5 21. Qxd5 Rc6 22. Rad1 Ne6 23. Rd2 Nd4 24. Bxd4 exd4 25. b4 Qc7 26. Rfd1 Rc8 27. Kg1 b5 28. cxb5 axb5 29. Bxb5 Rc3 30. Rd3 Be5 31. Ba6 Rb8 32. a3 Qb6 33. b5 Kg7 34. g5 Qa5 35. f4 Bxf4 36. Qxd4+ Be5 37. Qb4 Qc7 38. Rxc3 Bxc3 39. Qb3 Qc5+ 40. Kh1 Qxg5 41. Qc2 Be5 42. Qe2 Rh8 43. Rf1 Rh4 44. b6 Rf4 45. Bc4 f6 46. Bd5 Rxf1+ 47. Qxf1 Qd2 48. b7 Qxh2# 0-1


[Site "https://www.chess.com"]

[Event "Titled Tuesday Blitz July 11 Late 2023"]
[White "Banzea, Alexandru-Bogdan"]
[Black "Rios Escobar, Adan"]
[WhiteFideId "1232622"]
[BlackFideId "3403645"]
[WhiteElo "2592"]
[BlackElo "2438"]
[Result "1-0"]
[Round "11"]
[TimeControl "180+2"]
[Date "2023.07.11"]
[WhiteClock "0:00:08"]
[BlackClock "0:00:18"]
[Board "61"]

1. d4 Nf6 2. Nc3 g6 3. Bf4 d5 4. e3 c6 5. h4 Nbd7 6. Nf3 Bg7 7. Be2 b5 8. Ne5 Nxe5 9. Bxe5 a5 10. h5 Rg8 11. hxg6 hxg6 12. f3 Be6 13. Qd2 a4 14. a3 Qb6 15. Nd1 O-O-O 16. Nf2 Nd7 17. Bxg7 Rxg7 18. b3 c5 19. bxa4 bxa4 20. Qc3 Kc7 21. dxc5 Qxc5 22. Qxg7 Qxe3 23. Qb2 Rb8 24. Qc1 Qc3+ 25. Kf1 Ne5 26. Nd3 Nc4 27. Qf4+ Kc8 28. Rd1 Qxa3 29. Rh8+ Kd7 30. Rxb8 Qd6 31. Qxd6+ Nxd6 32. Ra8 Kc6 33. Rxa4 d4 34. Rxd4 Nb5 35. Rb4 Nd6 36. Rdb1 Kd7 37. Rb7+ Kc6 38. R7b6+ Kc7 39. Rxd6 Kxd6 40. Kf2 Kd5 41. Rc1 Kc4 42. Ke3 Kc3 43. Rd1 f5 44. f4 Bc8 45. Ne5 g5 46. fxg5 e6 47. g6 f4+ 48. Kxf4 Bb7 49. g7 Bxg2 50. g8=Q Bd5 51. Qg7 Bc4 52. Nxc4+ Kb4 53. Qb2+ Kc5 54. Qb6# 1-0


[Site "https://www.chess.com"]

[Event "Titled Tuesday Blitz July 11 Late 2023"]
[White "Ambartsumova, Karina"]
[Black "Rodriguez Fontecha, Marcos"]
[WhiteFideId "4166299"]
[BlackFideId "2256576"]
[WhiteElo "2589"]
[BlackElo "2422"]
[Result "1-0"]
[Round "11"]
[TimeControl "180+2"]
[Date "2023.07.11"]
[WhiteClock "0:00:12"]
[BlackClock "0:00:00"]
[Board "62"]

1. e4 e6 2. d4 d5 3. Nc3 Bb4 4. Ne2 Ne7 5. a3 Bxc3+ 6. Nxc3 dxe4 7. Nxe4 O-O 8. c3 b6 9. Bd3 Ba6 10. Bc2 Nd7 11. Qh5 f5 12. Ng5 Nf6 13. Qh3 Qd6 14. Bd2 c5 15. O-O-O cxd4 16. cxd4 Rac8 17. Bb4 Qc7 18. Rd2 Bc4 19. Kb1 h6 20. Nf3 Nfd5 21. Bxe7 Qxe7 22. Ne5 Qc7 23. Re1 b5 24. g4 Qa5 25. b4 Qc7 26. gxf5 exf5 27. Bxf5 Nf4 28. Qg4 Rxf5 29. Qxf5 Rf8 30. Qc2 Nd5 31. Rc1 Qe7 32. Nxc4 bxc4 33. Qxc4 Qd6 34. Re2 Kh8 35. Kb2 Nf4 36. Rd2 Qg6 37. Re1 Re8 38. Rxe8+ Qxe8 39. d5 Qe5+ 40. Qd4 Qd6 41. Qe4 Qf6+ 42. Qd4 Qd6 43. Rc2 Ng6 44. Rc6 Qe5 45. Qxe5 Nxe5 46. Re6 Nc4+ 47. Kc3 Nb6 48. d6 1-0


[Site "https://www.chess.com"]

[Event "Titled Tuesday Blitz July 11 Late 2023"]
[White "Grinev, Valeriy"]
[Black "Mikhalsky, Vladimir"]
[WhiteFideId "14117517"]
[BlackFideId "14144352"]
[WhiteElo "2568"]
[BlackElo "2407"]
[Result "0-1"]
[Round "11"]
[TimeControl "180+2"]
[Date "2023.07.11"]
[WhiteClock "0:01:43"]
[BlackClock "0:01:28"]
[Board "63"]

1. e4 g6 2. d4 Bg7 3. c4 c5 4. d5 e6 5. Nc3 d6 6. f4 Ne7 7. Nf3 exd5 8. cxd5 O-O 9. a4 Bg4 10. Be2 Bxf3 11. Bxf3 f5 12. O-O Nd7 13. e5 dxe5 14. d6 Nc6 15. fxe5 Ndxe5 16. Qd5+ Kh8 17. Qxc5 Nxf3+ 18. gxf3 Bd4+ 19. Be3 Bxc5 20. Bxc5 b6 21. Ba3 Nd4 22. Rad1 Nc2 23. Nb5 Nxa3 24. bxa3 Qg5+ 25. Kh1 Rf7 26. d7 Rd8 27. Nxa7 Rfxd7 28. Rxd7 Rxd7 29. Nb5 Rd2 30. Rg1 Qh5 31. Nd4 Rxh2# 0-1


[Site "https://www.chess.com"]

[Event "Titled Tuesday Blitz July 11 Late 2023"]
[White "only_strong_moves"]
[Black "Harriott, Tyrell"]
[BlackFideId "2086484"]
[WhiteElo "2535"]
[BlackElo "2405"]
[Result "1-0"]
[Round "11"]
[TimeControl "180+2"]
[Date "2023.07.11"]
[WhiteClock "0:01:58"]
[BlackClock "0:00:47"]
[Board "64"]

1. d4 e6 2. c4 d5 3. Nf3 c6 4. Nc3 f5 5. g3 Bd6 6. Bg2 Nf6 7. O-O O-O 8. c5 Bc7 9. b4 Nbd7 10. Bf4 Re8 11. Ne5 Bxe5 12. Bxe5 Nxe5 13. dxe5 Ne4 14. Nxe4 dxe4 15. Qxd8 Rxd8 16. Rad1 Re8 17. f3 exf3 18. Bxf3 Kf8 19. e4 g6 20. Rd6 Ke7 21. exf5 exf5 22. a4 Be6 23. b5 cxb5 24. axb5 Rab8 25. Ra1 Rec8 26. c6 a6 27. cxb7 Rc3 28. bxa6 Rxf3 29. a7 Rxb7 30. a8=Q Rd7 31. Rxd7+ Bxd7 32. Qxf3 Be6 33. Ra7+ Kf8 34. Qa8+ 1-0


[Site "https://www.chess.com"]

[Event "Titled Tuesday Blitz July 11 Late 2023"]
[White "Bogaudinov, Rushan"]
[Black "Graif, William"]
[WhiteFideId "4129288"]
[BlackFideId "2609835"]
[WhiteElo "2389"]
[BlackElo "2530"]
[Result "0-1"]
[Round "11"]
[TimeControl "180+2"]
[Date "2023.07.11"]
[WhiteClock "0:00:03"]
[BlackClock "0:00:07"]
[Board "65"]

1. d4 Nf6 2. Nf3 d5 3. c4 e6 4. e3 a6 5. cxd5 exd5 6. Nc3 Bf5 7. Be2 c6 8. O-O Nbd7 9. a3 Bd6 10. b4 Ne4 11. Nxe4 dxe4 12. Nd2 Qh4 13. f4 Nf6 14. g3 Qh3 15. Rf2 h5 16. Bf1 Qg4 17. Qxg4 hxg4 18. Nc4 Bc7 19. Ne5 Nd5 20. Bc4 f6 21. Bd2 fxe5 22. fxe5 g6 23. Raf1 Ke7 24. a4 b5 25. Bb3 Rhf8 26. a5 Be6 27. Rxf8 Rxf8 28. Rxf8 Kxf8 29. Kf2 Bd8 30. Bxd5 Bxd5 31. Bc3 Kf7 32. Kg2 Be7 33. Bd2 Ke6 34. Be1 Bc4 35. h3 Be2 36. h4 Kd5 37. Kf2 Bf3 38. Bd2 Kc4 39. Ke1 Kd3 40. e6 Be2 41. Bc1 Bxb4+ 42. Kf2 Be7 43. Bb2 Bf3 44. Bc1 Kc2 45. Ba3 Bxa3 46. h5 Be7 47. Kg1 gxh5 48. Kh2 b4 49. d5 cxd5 50. Kg1 b3 51. Kh2 b2 52. Kg1 b1=Q+ 53. Kf2 d4 54. exd4 Kd2 55. d5 Qe1# 0-1


[Site "https://www.chess.com"]

[Event "Titled Tuesday Blitz July 11 Late 2023"]
[White "Krzywda, Andrzej"]
[Black "ArchibaldCerveza29"]
[WhiteFideId "1114565"]
[WhiteElo "2404"]
[BlackElo "2529"]
[Result "1-0"]
[Round "11"]
[TimeControl "180+2"]
[Date "2023.07.11"]
[WhiteClock "0:00:10"]
[BlackClock "0:00:17"]
[Board "66"]

1. e4 e5 2. Nf3 Nc6 3. Bb5 g6 4. d4 exd4 5. Bg5 Be7 6. Bxe7 Qxe7 7. O-O Nf6 8. e5 Nd5 9. Re1 O-O 10. Bc4 Qc5 11. Bb3 d6 12. Nbd2 Bg4 13. Ne4 Qa5 14. Bxd5 Bxf3 15. Qxf3 Nxe5 16. Qg3 Kg7 17. Bb3 c5 18. Nxd6 Nc6 19. Nc4 Qd8 20. Qd6 Qg5 21. f4 Qf5 22. Ne5 Rad8 23. Qxc5 Qxf4 24. Nxc6 bxc6 25. Qxc6 Rd6 26. Qf3 Qg5 27. Rad1 Rf6 28. Qg3 Qc5 29. Qd3 Rd8 30. Re4 Qf5 31. Rf1 Qg5 32. Rxf6 Qxf6 33. Re1 h5 34. Rf1 Qe5 35. Rxf7+ Kh8 36. Rf1 Qg5 37. Qg3 Qxg3 38. hxg3 a5 39. Rf6 a4 40. Bxa4 d3 41. cxd3 h4 42. gxh4 g5 43. hxg5 Kg7 44. Rf3 Rd4 45. Bb3 Rd6 46. g4 Rg6 47. Kg2 Rxg5 48. Kg3 Kh8 49. Rf8+ Kh7 50. Rf7+ Kh8 51. Rf5 Rg6 52. Kh4 Rc6 53. Rf8+ Kg7 54. Rg8+ Kh7 55. Rg5 Kh6 56. Re5 Kg7 57. Kg5 Rg6+ 58. Kf5 Rf6+ 59. Kg5 Rg6+ 60. Kf4 Rf6+ 61. Rf5 Rc6 62. g5 Kh8 63. Rb5 Kg7 64. Bc4 Rd6 65. a4 Rd4+ 66. Kf5 Rd6 67. a5 Rd8 68. Rb6 Rf8+ 69. Kg4 Rf1 70. a6 Rg1+ 71. Kf5 Rf1+ 72. Ke5 Re1+ 73. Kd6 Rg1 74. a7 Rxg5 75. a8=Q Rg6+ 76. Kc5 Rg5+ 77. Kb4 Kh7 78. Rb7+ Rg7 79. Rxg7+ Kh6 80. Qh8# 1-0


[Site "https://www.chess.com"]

[Event "Titled Tuesday Blitz July 11 Late 2023"]
[White "Gerbelli Neto, Eduardo"]
[Black "Aggelis, Nikolaos"]
[WhiteFideId "2103281"]
[BlackFideId "4213220"]
[WhiteElo "2357"]
[BlackElo "2529"]
[Result "1/2-1/2"]
[Round "11"]
[TimeControl "180+2"]
[Date "2023.07.11"]
[WhiteClock "0:02:01"]
[BlackClock "0:02:32"]
[Board "67"]

1. e4 c6 2. d4 d5 3. exd5 cxd5 4. c4 Nf6 5. Nc3 g6 6. cxd5 Bg7 7. Qb3 O-O 8. Be2 Nbd7 9. Bf3 Nb6 10. a4 Bg4 11. Bxg4 Nxg4 12. Nf3 Nf6 13. O-O Rb8 14. Bf4 Rc8 15. a5 Nbxd5 16. Nxd5 Nxd5 17. Be5 Bxe5 18. dxe5 e6 19. Qxb7 Rc7 20. Qb3 Qb8 21. Qxb8 Rxb8 1/2-1/2


[Site "https://www.chess.com"]

[Event "Titled Tuesday Blitz July 11 Late 2023"]
[White "Michalczak, Thomas"]
[Black "Kostiukov, Alexandr"]
[WhiteFideId "4622634"]
[BlackFideId "14108100"]
[WhiteElo "2526"]
[BlackElo "2344"]
[Result "0-1"]
[Round "11"]
[TimeControl "180+2"]
[Date "2023.07.11"]
[WhiteClock "0:01:40"]
[BlackClock "0:01:06"]
[Board "68"]

1. e4 c5 2. c3 g6 3. d4 cxd4 4. cxd4 d5 5. e5 Bg7 6. Nc3 Nh6 7. h3 O-O 8. g4 f6 9. f4 fxe5 10. fxe5 e6 11. Nf3 Nf7 12. Bg2 Nc6 13. O-O b5 14. a3 Qb6 15. Bd2 Nfxe5 16. Be3 Nxf3+ 17. Rxf3 Rxf3 18. Bxf3 Bxd4 19. Bxd4 Qxd4+ 20. Qxd4 Nxd4 21. Bg2 Rb8 22. Rd1 Nc2 23. Kf2 b4 24. axb4 Rxb4 25. Rd2 Rxb2 26. Nxd5 exd5 27. Bxd5+ Kg7 28. Be4 Be6 29. Rxc2 Rxc2+ 30. Bxc2 Kf6 31. Ke3 h6 32. Kf4 Bd5 33. h4 g5+ 34. hxg5+ hxg5+ 35. Ke3 Ke5 36. Bf5 Be6 37. Bd3 Bxg4 38. Bc4 Be6 39. Bd3 Bd5 40. Bb5 a5 41. Kf2 Kf4 42. Kg1 Kg3 43. Ba4 g4 44. Bb5 Bb3 0-1


[Site "https://www.chess.com"]